 Dungeon Crawl Stone Soup version 0.18.1-48-g4cf74bf (webtiles) character file.

535 Gargoyl the Skirmisher (level 7, -3/49 HPs)
             Began as a Demonspawn Abyssal Knight on Aug 12, 2016.
             Was a Believer of Lugonu.
             Slain by an orc priest
             ... wielding a +0 trident
              (5 damage)
             ... on level 4 of the Dungeon.
             The game lasted 00:06:47 (2992 turns).

Gargoyl the Skirmisher (Demonspawn Abyssal Knight)  Turns: 2992, Time: 00:06:49

Health: -3/49      AC: 19    Str: 14    XL:     7   Next: 4%
Magic:  9/9        EV:  0    Int: 13    God:    Lugonu [**....]
Gold:   206        SH: 15    Dex: 18    Spells: 0 memorised, 6 levels left

rFire  . . .     SeeInvis .     a - +1 hand axe
rCold  . . .     Gourm    .     l - +0 plate armour
rNeg   . . .     Faith    .     o - +2 large shield
rPois  .         Spirit   .     k - +2 helmet
rElec  .         Dismiss  .     B - +0 cloak
rCorr  +         Reflect  .     x - +2 pair of gloves
SustAt .         Harm     .     (boots unavailable)
MR     .....                    (no amulet)
Stlth  ..........               t - +5 ring of dexterity
                                d - ring of resist corrosion

@: not resistant to hostile enchantments, extremely unstealthy
A: claws 2, talons 3, frail 1, spiny 1
a: Depart the Abyss, Bend Space, Renounce Religion


You were on level 4 of the Dungeon.
You worshipped Lugonu.
Lugonu was pleased with you.
You were not hungry.

You visited 1 branch of the dungeon, and saw 4 of its levels.
You visited the Abyss 1 time.

You collected 206 gold pieces.

Inventory:

Hand Weapons
 a - a +1 hand axe (weapon)
Armour
 k - a +2 helmet (worn)
 l - a +0 plate armour (worn)
 o - a +2 large shield (worn)
 x - a +2 pair of gloves (worn)
 B - a +0 cloak (worn)
Jewellery
 d - a ring of resist corrosion (left hand)
 t - a +5 ring of dexterity (right hand)
Scrolls
 b - a scroll of enchant weapon
 g - 2 scrolls of remove curse
 i - 8 scrolls of identify
 r - a scroll of fear {unknown}
Potions
 e - 3 potions of brilliance
 h - a potion of berserk rage {unknown}
 n - a potion of agility {unknown}
 q - a potion of flight {unknown}
 s - 3 potions of curing
 v - a potion of haste {unknown}
 w - a potion of ambrosia {unknown}
 z - a potion of resistance {unknown}
Comestibles
 c - 4 bread rations
 m - 4 meat rations
 p - a beef jerky
 u - a chunk of flesh


   Skills:
 + Level 4.5 Fighting
 + Level 3.1 Axes
 * Level 4.0 Armour
 + Level 1.7 Dodging
 + Level 3.1 Shields
 + Level 2.7 Invocations


You had 6 spell levels left.
You didn't know any spells.

Dungeon Overview and Level Annotations

Branches:
Dungeon (4/15)
 Temple: D:4-7

Altars:
Dithmenos
Pakellas
Qazlal
Sif Muna
Zin


Innate Abilities, Weirdness & Mutations

You have very sharp fingernails.
You have claws for feet.
You are partially covered in sharp spines.
You are frail (-10% HP).


Message History

You feel less woody.
Your +0 cloak unmelds from your body.
Your +2 helmet unmelds from your body.
Your +2 pair of gloves unmelds from your body.
Your +0 plate armour unmelds from your body.
Something hits you but does no damage. You block the orc priest's attack.
Something hits you but does no damage.
You hear some strange, mumbled words.
A puff of flame appears from out of thin air!
The puff of flame hits you!
* * * LOW HITPOINT WARNING * * *
The orc priest miscasts a cantrip.
Something hits you but does no damage.
Drink which item? (? for menu, Esc to quit)
You feel better.
You hear some strange, mumbled words.
A puff of flame appears from out of thin air!
The puff of flame hits you!
* * * LOW HITPOINT WARNING * * *
The orc priest hits you with a trident.
You die...

.......................+.........
###...#######.......####.........
#.........#.##.#.## ##.......#
#..######.#.##.#.# ##.....##
#..#### #.#.##.#.#* ##...##
#.....# #.#.##....# ##+## #.###.#
#.#.####..# #.# #.# #.#
#.#.####o.####* #.#
#.###.###.#...@oo.....* ##.##
###.........###{###.###.###...##
...####.##### #.# *,* #........#
...####.# #.# *,**#.###...###
........# #.# *,,,....#..##..
...###### #.# *****,#.......#
.#.# #.#*****#....###### ##.#
#..,,,,...###* ...# *******##**


You could see an orc priest and 2 orcs.

Vanquished Creatures
  Grinder (D:3)
  An ogre (D:4)
  The ghost of sonic the Firebug, an amateur HuFE (D:3)
  A hound (D:4)
  A worker ant (D:4)
  5 adders
  2 oozes (D:2)
  A worm (D:2)
  A giant gecko (D:1)
  9 bats
  2 giant cockroaches
  6 goblins
  5 hobgoblins (D:1)
  6 jackals
  10 kobolds
  A quokka (D:2)
  A ball python (D:3)
  3 giant newts
  11 rats
68 creatures vanquished.

Vanquished Creatures (others)
  An ugly thing (D:3)
1 creature vanquished.

Grand Total: 69 creatures vanquished

Notes
Turn   | Place    | Note
--------------------------------------------------------------
     0 | Abyss:1  | Gargoyl the Demonspawn Abyssal Knight began the quest for the Orb.
     0 | Abyss:1  | Reached XP level 1. HP: 18/18 MP: 2/2
    26 | Abyss:2  | Found a corrupted altar of Lugonu.
    37 | Abyss:2  | Noticed a large abomination
    62 | D:1      | Escaped the Abyss
   409 | D:1      | Reached * piety under Lugonu
   409 | D:1      | Reached skill level 1 in Dodging
   409 | D:1      | Gained mutation: You have sharp fingernails. [demonic ancestry]
   409 | D:1      | Reached XP level 2. HP: 20/24 MP: 3/3
  1010 | D:2      | Gained mutation: You have sharp toenails. [demonic ancestry]
  1010 | D:2      | Reached XP level 3. HP: 26/29 MP: 5/5
  1349 | D:2      | Reached ** piety under Lugonu
  1466 | D:3      | Found a shadowy altar of Dithmenos.
  1499 | D:3      | Found a stormy altar of Qazlal.
  1501 | D:3      | Found a glowing silver altar of Zin.
  1516 | D:3      | Gained mutation: You have razor-sharp toenails. [demonic ancestry]
  1516 | D:3      | Reached XP level 4. HP: 37/37 MP: 6/6
  1625 | D:3      | Noticed sonic's ghost (amateur HuFE)
  1654 | D:3      | Killed sonic's ghost
  1654 | D:3      | Reached skill level 1 in Shields
  1654 | D:3      | Gained mutation: You are partially covered in sharp spines. [demonic ancestry]
  1654 | D:3      | Reached XP level 5. HP: 39/42 MP: 7/7
  1662 | D:3      | Noticed Grinder
  1683 | D:3      | Paralysed by Grinder for 5 turns
  1699 | D:3      | Gained mutation: You possess an exceptional clarity of mind. [potion of mutation]
  1699 | D:3      | Lost mutation: You possess an exceptional clarity of mind. [potion of mutation]
  1699 | D:3      | Gained mutation: You are frail (-10% HP). [potion of mutation]
  1699 | D:3      | Paralysed by Grinder for 7 turns
  1702 | D:3      | Killed Grinder
  1702 | D:3      | Gained mutation: You have claws for feet. [demonic ancestry]
  1702 | D:3      | Reached XP level 6. HP: 17/44 MP: 8/8
  2045 | D:3      | Found a deep blue altar of Sif Muna.
  2227 | D:3      | Found an oddly glowing altar of Pakellas.
  2227 | D:3      | Noticed a white ugly thing
  2238 | D:3      | Killed a white ugly thing
  2752 | D:4      | Gained mutation: You have very sharp fingernails. [demonic ancestry]
  2752 | D:4      | Reached XP level 7. HP: 47/49 MP: 9/9
  2992 | D:4      | HP: 2/49 [something/puff of flame (9)]
  2992 | D:4      | Slain by an orc priest

Skill      XL: |  1  2  3  4  5  6 |
---------------+-------------------+-----
Armour         | 2 3 4 |  4.0
Dodging        | 1 |  1.7
Axes           | 2 3 |  3.1
Fighting       | 4 |  4.5
Shields        | 1 2 3 |  3.1
Invocations    | |  2.7

Action                   |  1- 3 |  4- 6 |  7- 9 || total
-------------------------+-------+-------+-------++-------
Melee: Hand axe          |   162 |    88 |    17 ||   267
       Kick              |    21 |    24 |     1 ||    46
Throw: Tomahawk          |     2 |     1 |     8 ||    11
Invok: Depart the Abyss  |     1 |       |       ||     1
  Use: Potion            |       |     3 |     3 ||     6
       Scroll            |       |     5 |       ||     5
  Eat: Chunk             |     2 |     4 |     1 ||     7
Armor: Chain mail        |    32 |       |       ||    32
       Plate armour      |   108 |    35 |     2 ||   145
       Skin              |       |     9 |    26 ||    35
Dodge: Dodged            |    38 |     1 |     3 ||    42
Block: Large shield      |    56 |    77 |    30 ||   163
